2227 views
Uploaded 2022-04-28 22:22:34
Game version 1.32.10
35:36 long 1on1on1on1 ladder game on (6)SilverpineForest
Saved by ǢƂŎ
2227 views
Uploaded 2022-04-28 22:22:34
Game version 1.32.10
35:36 long 1on1on1on1 ladder game on (6)SilverpineForest

45 units @ 7k
/ 1.2k
41 buildings @ 4.5k
/ 2.3k



| Scroll of Regeneration | 8 | 800 |
| Lesser Clarity Potion | 16 | 1120 |
| Potion of Mana | 13 | 2600 |
| Potion of Healing | 4 | 600 |
| Staff of Sanctuary | 1 | 250 |
| Orb of Fire | 1 | 325 |
| Scroll of Town Portal | 4 | 1400 |
| Circlet of Nobility | 2 | 350 |
| Periapt of Vitality | 1 | 325 |
| Boots of Speed | 2 | 500 |
| Medallion of Courage | 3 | 1500 |
| Mantle of Intelligence +3 | 1 | 100 |
| Khadgar's Pipe of Insight | 2 | 1000 |
| Legion Doom-Horn | 1 | 500 |
| Hood of Cunning | 1 | 500 |
| Helm of Valor | 1 | 500 |
| Ring of Regeneration | 1 | 300 |
| Ancient Janggo of Endurance | 1 | 500 |
| total: | 63 | 13170g |
| Peasant | 18 | 1350 | / | 0 |
| Footman | 7 | 945 | / | 0 |
| Knight | 4 | 980 | / | 240 |
| Flying Machine | 4 | 400 | / | 120 |
| Gryphon Rider | 8 | 2240 | / | 560 |
| Goblin Shredder | 1 | 375 | / | 100 |
| Goblin Zeppelin | 3 | 720 | / | 180 |
| total: | 45 | 7010g | / | 1200w |
| Scout Tower | 16 | 480 | / | 320 |
| Guard Tower | 10 | 700 | / | 500 |
| Altar of Kings | 3 | 540 | / | 150 |
| Farm | 9 | 720 | / | 180 |
| Barracks | 2 | 320 | / | 120 |
| Town Hall | 4 | 1540 | / | 820 |
| Arcane Vault | 1 | 130 | / | 30 |
| Blacksmith | 1 | 140 | / | 60 |
| Lumber Mill | 1 | 120 | / | 0 |
| Workshop | 2 | 280 | / | 280 |
| Gryphon Aviary | 2 | 280 | / | 300 |
| Keep | 2 | 640 | / | 420 |
| Castle | 2 | 720 | / | 420 |
| total: | 41 | 4550g | / | 2260w |
| 0:02 | Peasant |
| 0:02 | Peasant |
| 0:02 | Peasant |
| 0:05 | Altar of Kings |
| 0:06 | Altar of Kings |
| 0:09 | Altar of Kings |
| 0:18 | Farm |
| 0:22 | Barracks |
| 0:27 | Peasant |
| 0:40 | Peasant |
| 0:48 | Farm |
| 1:01 | Peasant |
| 1:15 | Peasant |
| 1:23 | Footman |
| 1:30 | Peasant |
| 1:37 | Footman |
| 1:49 | Peasant |
| 1:55 | Peasant |
| 1:55 | Peasant |
| 1:58 | Peasant |
| 1:58 | Peasant |
| 2:08 | Thunder Clap |
| 2:35 | Keep |
| 3:11 | Town Hall |
| 3:19 | Farm |
| 3:23 | Storm Bolt |
| 3:28 | Arcane Vault |
| 3:58 | Footman |
| 4:14 | Footman |
| 4:23 | Circlet of Nobility |
| 4:54 | Thunder Clap |
| 5:05 | Castle |
| 5:10 | Scroll of Regeneration |
| 5:12 | Scroll of Regeneration |
| 5:12 | Lesser Clarity Potion |
| 5:17 | Potion of Mana |
| 5:31 | Footman |
| 5:51 | Goblin Shredder |
| 5:55 | Potion of Healing |
| 5:56 | Potion of Mana |
| 5:56 | Lesser Clarity Potion |
| 5:58 | Holy Light |
| 6:24 | Footman |
| 6:24 | Footman |
| 7:08 | Blacksmith |
| 7:11 | Barracks |
| 7:58 | Defend |
| 8:18 | Lumber Mill |
| 8:20 | Farm |
| 8:20 | Farm |
| 8:26 | Lesser Clarity Potion |
| 8:26 | Potion of Mana |
| 8:28 | Potion of Healing |
| 8:31 | Scroll of Regeneration |
| 8:33 | Staff of Sanctuary |
| 8:35 | Lesser Clarity Potion |
| 8:36 | Potion of Mana |
| 8:37 | Orb of Fire |
| 8:43 | Siphon Mana |
| 8:46 | Iron Forged Swords |
| 8:46 | Iron Plating |
| 8:47 | Black Gunpowder |
| 8:48 | Workshop |
| 9:23 | Divine Shield |
| 9:37 | Knight |
| 9:37 | Animal War Training |
| 9:43 | Improved Masonry |
| 9:49 | Gryphon Aviary |
| 9:50 | Gryphon Aviary |
| 10:37 | Medallion of Courage |
| 10:38 | Mantle of Intelligence +3 |
| 11:05 | Steel Forged Swords |
| 11:06 | Steel Plating |
| 11:08 | Knight |
| 11:16 | Scroll of Regeneration |
| 11:18 | Lesser Clarity Potion |
| 11:21 | Potion of Mana |
| 11:24 | Lesser Clarity Potion |
| 11:39 | Flak Cannons |
| 11:41 | Farm |
| 11:42 | Farm |
| 11:42 | Farm |
| 11:43 | Farm |
| 12:10 | Storm Bolt |
| 12:21 | Advanced Masonry |
| 12:21 | Improved Lumber Harvesting |
| 12:24 | Flying Machine Bombs |
| 12:25 | Workshop |
| 12:35 | Periapt of Vitality |
| 12:36 | Circlet of Nobility |
| 12:44 | Knight |
| 12:48 | Banish |
| 12:54 | Boots of Speed |
| 13:01 | Boots of Speed |
| 13:09 | Scout Tower |
| 13:10 | Scout Tower |
| 13:10 | Scout Tower |
| 13:11 | Scout Tower |
| 13:11 | Scout Tower |
| 13:12 | Scout Tower |
| 13:13 | Scout Tower |
| 13:21 | Scout Tower |
| 13:21 | Scout Tower |
| 13:22 | Scout Tower |
| 13:22 | Scout Tower |
| 13:23 | Scout Tower |
| 13:27 | Holy Light |
| 13:59 | Guard Tower |
| 14:01 | Guard Tower |
| 14:02 | Imbued Masonry |
| 14:17 | Khadgar's Pipe of Insight |
| 14:19 | Legion Doom-Horn |
| 14:28 | Hood of Cunning |
| 14:30 | Goblin Zeppelin |
| 14:46 | Guard Tower |
| 14:59 | Mithril Forged Swords |
| 14:59 | Mithril Plating |
| 15:34 | Guard Tower |
| 15:36 | Guard Tower |
| 15:50 | Siphon Mana |
| 15:54 | Guard Tower |
| 15:55 | Scout Tower |
| 15:56 | Scout Tower |
| 15:56 | Scout Tower |
| 15:56 | Scout Tower |
| 16:48 | Guard Tower |
| 16:51 | Peasant |
| 16:51 | Peasant |
| 16:52 | Peasant |
| 16:52 | Peasant |
| 18:14 | Knight |
| 18:16 | Refined Gunpowder |
| 18:52 | Flying Machine |
| 18:52 | Flying Machine |
| 18:53 | Guard Tower |
| 18:58 | Studded Leather Armor |
| 19:52 | Helm of Valor |
| 19:52 | Medallion of Courage |
| 19:59 | Ring of Regeneration |
| 21:02 | Divine Shield |
| 21:07 | Goblin Zeppelin |
| 21:38 | Storm Bolt |
| 22:12 | Town Hall |
| 22:20 | Scroll of Regeneration |
| 22:27 | Lesser Clarity Potion |
| 22:27 | Potion of Mana |
| 22:32 | Lesser Clarity Potion |
| 22:34 | Potion of Mana |
| 22:38 | Scroll of Town Portal |
| 22:50 | Storm Hammers |
| 23:10 | Banish |
| 23:28 | Khadgar's Pipe of Insight |
| 25:35 | Gryphon Rider |
| 25:36 | Gryphon Rider |
| 26:05 | Lesser Clarity Potion |
| 26:11 | Potion of Mana |
| 26:26 | Scroll of Regeneration |
| 26:33 | Lesser Clarity Potion |
| 26:36 | Potion of Mana |
| 26:38 | Lesser Clarity Potion |
| 28:17 | Flying Machine |
| 28:20 | Peasant |
| 28:23 | Holy Light |
| 28:30 | Lesser Clarity Potion |
| 28:30 | Scroll of Regeneration |
| 28:30 | Potion of Healing |
| 28:36 | Potion of Mana |
| 28:36 | Potion of Mana |
| 28:45 | Potion of Healing |
| 28:47 | Lesser Clarity Potion |
| 28:52 | Scroll of Regeneration |
| 29:00 | Flying Machine |
| 29:03 | Scroll of Town Portal |
| 29:22 | Medallion of Courage |
| 30:27 | Gryphon Rider |
| 30:27 | Gryphon Rider |
| 30:27 | Gryphon Rider |
| 30:27 | Gryphon Rider |
| 30:56 | Scroll of Town Portal |
| 30:56 | Lesser Clarity Potion |
| 30:56 | Potion of Mana |
| 31:07 | Lesser Clarity Potion |
| 31:17 | Reinforced Leather Armor |
| 31:20 | Goblin Zeppelin |
| 31:40 | Ancient Janggo of Endurance |
| 31:49 | Gryphon Rider |
| 31:50 | Gryphon Rider |
| 32:51 | Town Hall |
| 34:04 | Lesser Clarity Potion |
| 34:08 | Potion of Mana |
| 34:08 | Scroll of Town Portal |
| 35:12 | Thunder Clap |
| 35:33 | Town Hall |
| Right click | 2063 |
| Select | 1509 |
| Select group | 832 |
| Build/train/purchase | 351 |
| Misc. action | 232 |
| Use ability | 212 |
| Item give/drop | 66 |
| Assign group | 32 |
| Esc | 8 |
48 units @ 6.2k
/ 0.9k
38 buildings @ 6k
/ 3k



| Healing Salve | 10 | 1000 |
| Lesser Clarity Potion | 4 | 280 |
| Orb of Lightning | 2 | 750 |
| Potion of Healing | 4 | 600 |
| Scroll of Speed | 1 | 50 |
| Tiny Great Hall | 1 | 600 |
| Potion of Mana | 2 | 400 |
| Scroll of Town Portal | 6 | 2100 |
| Periapt of Vitality | 2 | 650 |
| Medallion of Courage | 1 | 500 |
| Potion of Invulnerability | 1 | 400 |
| Potion of Greater Healing | 1 | 400 |
| Claws of Attack +12 | 1 | 500 |
| Legion Doom-Horn | 1 | 500 |
| Claws of Attack +9 | 2 | 600 |
| Helm of Valor | 2 | 1000 |
| Khadgar's Gem of Health | 1 | 600 |
| total: | 42 | 10930g |
| Peon | 19 | 1425 | / | 0 |
| Troll Headhunter | 7 | 980 | / | 140 |
| Shaman | 4 | 520 | / | 80 |
| Troll Witch Doctor | 3 | 435 | / | 75 |
| Troll Berserker | 8 | 1120 | / | 160 |
| Spirit Walker | 3 | 585 | / | 105 |
| Tauren | 2 | 560 | / | 160 |
| Goblin Shredder | 1 | 375 | / | 100 |
| Goblin Zeppelin | 1 | 240 | / | 60 |
| total: | 48 | 6240g | / | 880w |
| Watch Tower | 16 | 1760 | / | 1280 |
| Orc Burrow | 7 | 1120 | / | 280 |
| Altar of Storms | 1 | 180 | / | 50 |
| War Mill | 2 | 410 | / | 0 |
| Barracks | 3 | 540 | / | 150 |
| Voodoo Lounge | 2 | 260 | / | 60 |
| Great Hall | 3 | 1155 | / | 555 |
| Spirit Lodge | 2 | 300 | / | 300 |
| Tauren Totem | 2 | 270 | / | 310 |
| Stronghold | 1 | 315 | / | 190 |
| Fortress | 2 | 650 | / | 380 |
| total: | 38 | 5995g | / | 2985w |
| 0:02 | Peon |
| 0:02 | Peon |
| 0:02 | Peon |
| 0:18 | Orc Burrow |
| 0:33 | Altar of Storms |
| 0:37 | Peon |
| 0:48 | War Mill |
| 0:50 | Peon |
| 1:05 | Barracks |
| 1:16 | Peon |
| 1:20 | Peon |
| 1:41 | Orc Burrow |
| 1:44 | Peon |
| 1:45 | Peon |
| 2:07 | Troll Headhunter |
| 2:12 | Voodoo Lounge |
| 2:25 | Troll Headhunter |
| 2:33 | Mirror Image |
| 2:41 | Troll Headhunter |
| 3:14 | Stronghold |
| 3:33 | Troll Headhunter |
| 4:08 | Critical Strike |
| 4:12 | Great Hall |
| 4:25 | Troll Headhunter |
| 4:28 | Orc Burrow |
| 4:50 | Troll Headhunter |
| 4:55 | Healing Salve |
| 4:56 | Lesser Clarity Potion |
| 5:43 | Mirror Image |
| 6:00 | Fortress |
| 6:07 | Troll Regeneration |
| 6:25 | Silence |
| 6:37 | Goblin Shredder |
| 7:12 | Spirit Lodge |
| 7:56 | Life Drain |
| 8:01 | Spirit Lodge |
| 8:02 | Steel Ranged Weapons |
| 8:19 | Orc Burrow |
| 8:44 | Acid Bomb |
| 8:55 | Shaman |
| 8:55 | Shaman Adept Training |
| 8:58 | Troll Witch Doctor |
| 8:59 | Witch Doctor Adept Training |
| 9:01 | Steel Armor |
| 9:23 | Troll Headhunter |
| 9:24 | Berserker Upgrade |
| 9:27 | Barracks |
| 9:33 | Orb of Lightning |
| 9:33 | Potion of Healing |
| 9:35 | Healing Salve |
| 9:35 | Healing Salve |
| 9:35 | Healing Salve |
| 9:36 | Scroll of Speed |
| 9:38 | Lesser Clarity Potion |
| 9:49 | Orc Burrow |
| 9:50 | Thorium Ranged Weapons |
| 9:51 | Troll Witch Doctor |
| 10:46 | Troll Berserker |
| 11:02 | Troll Berserker |
| 11:38 | Witch Doctor Master Training |
| 11:41 | Shaman Master Training |
| 11:43 | Troll Berserker |
| 11:44 | Thorium Armor |
| 12:02 | Orc Burrow |
| 12:05 | Arcanite Ranged Weapons |
| 12:49 | Silence |
| 13:00 | Tauren Totem |
| 13:07 | Critical Strike |
| 13:14 | Chemical Rage |
| 13:59 | Arcanite Armor |
| 14:18 | Great Hall |
| 14:46 | Medallion of Courage |
| 14:47 | Potion of Invulnerability |
| 14:57 | Watch Tower |
| 14:57 | Watch Tower |
| 15:02 | War Mill |
| 15:09 | Potion of Greater Healing |
| 15:16 | Goblin Zeppelin |
| 15:36 | Watch Tower |
| 16:12 | Spirit Walker Adept Training |
| 16:14 | Tauren Totem |
| 16:59 | Scroll of Town Portal |
| 17:03 | Orb of Lightning |
| 17:09 | Reinforced Defenses |
| 18:05 | Scroll of Town Portal |
| 18:05 | Potion of Healing |
| 18:08 | Healing Salve |
| 18:11 | Troll Witch Doctor |
| 18:11 | Shaman |
| 18:12 | Troll Berserker |
| 18:14 | Spirit Walker |
| 18:15 | Spirit Walker Master Training |
| 18:15 | Spirit Walker |
| 18:18 | Healing Salve |
| 18:36 | Potion of Healing |
| 18:52 | Pulverize |
| 19:01 | Tauren |
| 19:02 | Troll Berserker |
| 19:08 | Potion of Healing |
| 19:08 | Scroll of Town Portal |
| 19:12 | Healing Salve |
| 19:20 | Tiny Great Hall |
| 19:29 | Peon |
| 19:29 | Peon |
| 19:29 | Peon |
| 19:29 | Peon |
| 19:29 | Peon |
| 21:25 | Life Drain |
| 22:20 | Spirit Walker |
| 22:20 | Tauren |
| 22:21 | Troll Berserker |
| 22:27 | Claws of Attack +12 |
| 22:29 | Legion Doom-Horn |
| 22:31 | Claws of Attack +9 |
| 22:32 | Periapt of Vitality |
| 22:35 | Shaman |
| 22:53 | Helm of Valor |
| 22:53 | Helm of Valor |
| 23:19 | Healing Salve |
| 23:25 | Potion of Mana |
| 23:25 | Lesser Clarity Potion |
| 23:39 | Critical Strike |
| 24:54 | Acid Bomb |
| 26:13 | Periapt of Vitality |
| 26:29 | Claws of Attack +9 |
| 26:32 | Shaman |
| 26:35 | Troll Berserker |
| 26:36 | Steel Melee Weapons |
| 26:46 | Voodoo Lounge |
| 26:52 | Healing Salve |
| 27:02 | Scroll of Town Portal |
| 28:29 | Healing Salve |
| 28:36 | Potion of Mana |
| 28:37 | Lesser Clarity Potion |
| 29:26 | Troll Berserker |
| 30:38 | Chemical Rage |
| 30:40 | Watch Tower |
| 30:42 | Watch Tower |
| 30:46 | Thorium Melee Weapons |
| 30:58 | Watch Tower |
| 30:58 | Watch Tower |
| 31:01 | Watch Tower |
| 31:02 | Watch Tower |
| 31:04 | Peon |
| 31:04 | Peon |
| 31:04 | Peon |
| 31:05 | Peon |
| 31:05 | Peon |
| 32:59 | Scroll of Town Portal |
| 33:07 | Scroll of Town Portal |
| 34:04 | Great Hall |
| 34:05 | Watch Tower |
| 34:05 | Watch Tower |
| 34:06 | Watch Tower |
| 34:07 | Watch Tower |
| 34:10 | Orc Burrow |
| 34:11 | Watch Tower |
| 34:11 | Watch Tower |
| 34:12 | Watch Tower |
| 34:13 | Barracks |
| 34:16 | Khadgar's Gem of Health |
| Right click | 2122 |
| Select group | 1478 |
| Select | 1120 |
| Misc. action | 564 |
| Chat | 269 |
| Build/train/purchase | 254 |
| Use ability | 159 |
| Assign group | 56 |
| Item give/drop | 12 |
| Esc | 4 |
| Remove unit | 2 |
25 units @ 3.3k
/ 0.4k
27 buildings @ 4k
/ 1.9k


| Healing Salve | 1 | 100 |
| Scroll of Town Portal | 1 | 350 |
| Cloak of Flames | 1 | 500 |
| Medallion of Courage | 1 | 500 |
| total: | 4 | 1450g |
| Peon | 12 | 900 | / | 0 |
| Troll Headhunter | 9 | 1260 | / | 180 |
| Wind Rider | 3 | 795 | / | 120 |
| Goblin Shredder | 1 | 375 | / | 100 |
| total: | 25 | 3330g | / | 400w |
| Watch Tower | 11 | 1210 | / | 880 |
| Orc Burrow | 7 | 1120 | / | 280 |
| War Mill | 2 | 410 | / | 0 |
| Altar of Storms | 1 | 180 | / | 50 |
| Voodoo Lounge | 1 | 130 | / | 30 |
| Barracks | 1 | 180 | / | 50 |
| Great Hall | 1 | 385 | / | 185 |
| Beastiary | 1 | 145 | / | 140 |
| Spirit Lodge | 1 | 150 | / | 150 |
| Tauren Totem | 1 | 135 | / | 155 |
| Stronghold | 1 | 315 | / | 190 |
| Fortress | 1 | 325 | / | 190 |
| total: | 27 | 4045g | / | 1920w |
| 0:17 | Orc Burrow |
| 0:22 | War Mill |
| 0:23 | Peon |
| 0:24 | Peon |
| 1:01 | Peon |
| 1:01 | Peon |
| 1:13 | Altar of Storms |
| 1:19 | Peon |
| 1:46 | Peon |
| 1:54 | Voodoo Lounge |
| 2:04 | Barracks |
| 2:07 | Peon |
| 2:27 | Orc Burrow |
| 2:35 | Spiked Barricades |
| 2:41 | Peon |
| 3:04 | Steel Ranged Weapons |
| 3:08 | Troll Headhunter |
| 3:19 | Orc Burrow |
| 3:21 | War Stomp |
| 3:26 | Troll Headhunter |
| 3:40 | Troll Headhunter |
| 4:07 | Orc Burrow |
| 4:13 | Troll Headhunter |
| 4:31 | Troll Headhunter |
| 4:32 | Steel Armor |
| 5:07 | Stronghold |
| 5:29 | Troll Headhunter |
| 5:49 | Endurance Aura |
| 6:41 | Great Hall |
| 6:49 | Troll Headhunter |
| 7:04 | Steel Melee Weapons |
| 7:05 | Healing Salve |
| 7:35 | Beastiary |
| 7:41 | Spirit Lodge |
| 8:12 | War Stomp |
| 8:31 | Healing Wave |
| 8:51 | War Mill |
| 8:56 | Orc Burrow |
| 8:57 | Shaman Adept Training |
| 9:21 | Peon |
| 9:21 | Peon |
| 9:21 | Peon |
| 9:21 | Peon |
| 9:36 | Troll Regeneration |
| 9:39 | Thorium Ranged Weapons |
| 9:39 | Improved Spiked Barricades |
| 10:03 | Watch Tower |
| 10:31 | Goblin Shredder |
| 11:08 | Watch Tower |
| 11:09 | Watch Tower |
| 11:12 | Watch Tower |
| 11:28 | Cloak of Flames |
| 11:29 | Medallion of Courage |
| 12:08 | Watch Tower |
| 12:09 | Watch Tower |
| 12:10 | Watch Tower |
| 12:12 | Watch Tower |
| 12:12 | Watch Tower |
| 12:37 | Fortress |
| 12:38 | Troll Headhunter |
| 12:38 | Troll Headhunter |
| 13:01 | Tauren Totem |
| 13:05 | Reinforced Defenses |
| 13:35 | Wind Rider |
| 13:35 | Wind Rider |
| 13:38 | Witch Doctor Adept Training |
| 13:59 | Watch Tower |
| 14:28 | Scroll of Town Portal |
| 14:32 | Watch Tower |
| 14:35 | Wind Rider |
| 14:48 | Orc Burrow |
| 14:49 | Orc Burrow |
| Right click | 397 |
| Select | 275 |
| Build/train/purchase | 51 |
| Select group | 22 |
| Use ability | 10 |
| Assign group | 8 |
| Misc. action | 4 |
| Item give/drop | 1 |